 Dungeon Crawl Stone Soup version 0.27-a0-607-g1ad3dbde53 (webtiles) character file.

Game seed: 3875624349875627413

79 Gaff the Skirmisher (level 4, -1/45 HPs)
             Began as an Ogre Warper on Mar 13, 2021.
             Was an Initiate of Nemelex Xobeh.
             Slain by a worker ant (6 damage)
             ... on level 3 of the Dungeon.
             The game lasted 00:05:12 (2797 turns).

Gaff the Skirmisher (Ogre Warper)                   Turns: 2797, Time: 00:05:12

Health: -1/45      AC:  3    Str: 16    XL:     4   Next: 37%
Magic:  8/8        EV: 14    Int: 14    God:    Nemelex Xobeh [......]
Gold:   142        SH:  0    Dex:  8    Spells: 7/9 levels left

rFire    . . .     SeeInvis .   a - +0 mace
rCold    . . .     Faith    .   (no shield)
rNeg     . . .     Spirit   .   b - +0 robe
rPois    .         Reflect  .   (helmet restricted)
rElec    .         Harm     .   (no cloak)
rCorr    .         Rampage  .   (gloves unavailable)
Will     .....                  (boots unavailable)
Stlth    +.........             (no amulet)
HPRegen  0.15/turn              k - +4 ring of evasion
MPRegen  0.11/turn              (no ring)

@: lethally poisoned (-1 -> -18)
A: large, unfitting armour, tough skin 1
a: Renounce Religion, Draw Escape, Draw Destruction, Draw Summoning


You were on level 3 of the Dungeon.
You worshipped Nemelex Xobeh.
Nemelex Xobeh was noncommittal.
You visited 1 branch of the dungeon, and saw 3 of its levels.

You collected 142 gold pieces.

Inventory:

Hand Weapons
 a - a +0 mace (weapon)
Missiles
 e - 5 boomerangs of dispersal (quivered)
Armour
 b - a +0 robe (worn)
Jewellery
 k - a +4 ring of evasion (right hand)
Scrolls
 d - a scroll of blinking
 g - a scroll of enchant weapon {unknown}
 h - a scroll of magic mapping {unknown}
 i - 4 scrolls of identify {unknown}
 j - 2 scrolls of random uselessness {unknown}
 l - a scroll of teleportation {unknown}
 n - a scroll of noise {unknown}
 o - a scroll of fear {unknown}
 p - 3 scrolls of fog {unknown}
Potions
 c - a potion of invisibility {unknown}
 f - 2 potions of curing {unknown}
 m - 2 potions of brilliance {unknown}


   Skills:
 + Level 3.3 Fighting
 + Level 2.3 Maces & Flails
 - Level 1.0 Throwing
 + Level 2.6 Dodging
 + Level 3.1 Spellcasting
 + Level 3.2 Translocations
 + Level 0.7 Invocations


You had 7 spell levels left.
You knew the following spells:

 Your Spells              Type           Power      Damage    Failure   Level
a - Blink                 Tloc           N/A        N/A       9%          2

Your spell library contained the following spells:

 Spells                   Type           Power      Damage    Failure   Level
 Gell's Gravitas          Tloc           5%         N/A       17%         3
 Lesser Beckoning         Tloc           5%         N/A       17%         3
 Teleport Other           Tloc           11%        N/A       17%         3
 Manifold Assault         Tloc           11%        N/A       50%         4


Dungeon Overview and Level Annotations

Branches:
Dungeon (3/15)

Altars:
Nemelex Xobeh
Qazlal
Ru


Innate Abilities, Weirdness & Mutations

You are too large for most types of armour.
You have tough skin. (AC +1)


Message History

You barely miss the worker ant. The worker ant bites you.
You closely miss the worker ant. The worker ant misses you.
The worker ant closely misses you.
You barely miss the worker ant. The worker ant bites you.
You are poisoned.
The worker ant poisons you!
You sock the worker ant!
The worker ant is heavily wounded.
You feel sick. The worker ant closely misses you. The worker ant bites you.
You barely miss the worker ant.
The worker ant is heavily wounded.
You feel sick. The worker ant misses you. The worker ant bites you!
You are more poisoned.
The worker ant poisons you!
You hit the worker ant.
The worker ant is severely wounded.
You feel sick.
The worker ant bites you but does no damage.
You hit the worker ant.
The worker ant is almost dead.
You feel sick. The worker ant closely misses you. The worker ant bites you.
* * * LOW HITPOINT WARNING * * *
You hit the worker ant but do no damage.
The worker ant is almost dead.
You feel sick. The worker ant bites you.
* * * LOW HITPOINT WARNING * * *
You are lethally poisoned!
The worker ant poisons you!
You barely miss the worker ant.
The worker ant is almost dead.
* * * LOW HITPOINT WARNING * * *
You feel sick. The worker ant bites you.
* * * LOW HITPOINT WARNING * * *
The worker ant closely misses you.
You closely miss the worker ant.
The worker ant is almost dead.
* * * LOW HITPOINT WARNING * * *
You feel sick. The worker ant bites you.
You die...
Your body disappears without a glow.

#.....(..#####.#
##.<.#.#.#
#...(....#
#<#####.#.#....
#........#
####......#....
#........#
#####.##..##.....
#........#
...#.###.##.#+##
#........#
##.#......#
#........# #
#.........#
#........#
#.####......#
#........#
#...@..##+#.#
##########
####B.......#
#.............
.............#..
.............#
.............+
###..........#
###..........
#####.#####


You could see a worker ant.

Vanquished Creatures
  An adder (D:3)
  2 worms (D:3)
  A dart slug (D:2)
  2 leopard geckos
  5 orcs (D:3)
  A ball python (D:2)
  3 giant cockroaches
  7 goblins
  6 hobgoblins
  3 jackals (D:1)
  3 quokkas
  5 bats
  2 frilled lizards
  4 kobolds
  9 rats
54 creatures vanquished.

Notes
Turn   | Place    | Note
-------+----------+-------------------------------------------
     0 | D:1      | Gaff the Ogre Warper began the quest for the Orb.
     0 | D:1      | Reached XP level 1. HP: 22/22 MP: 3/3
   348 | D:1      | Reached XP level 2. HP: 13/29 MP: 5/5
   976 | D:2      | Found a sparkling altar of Nemelex Xobeh.
  1057 | D:2      | Became a worshipper of Nemelex Xobeh the Trickster
  1092 | D:2      | Learned a level 2 spell: Blink
  1116 | D:2      | Reached XP level 3. HP: 27/37 MP: 7/7
  1243 | D:2      | Found a stormy altar of Qazlal.
  1676 | D:2      | Found a sacrificial altar of Ru.
  2235 | D:3      | Reached XP level 4. HP: 36/45 MP: 8/8
  2797 | D:3      | Slain by a worker ant

Illustrated notes

Levels and vault maps discovered:
D:1:      shiori_shiawase, layout_rooms
D:2:      layout_rooms, lemuel_coloured_pillars_altar,
          nemelex_xobeh_ov_fountains_minmay, nicolae_qazlal_scattered_showers,
          minmay_surrounded
D:3:      layout_basic, zin_angel, uniq_crazy_yiuf_cottage

Skill      XL: |  1  2  3 |
---------------+----------+-----
Fighting       | 3 |  3.3
Maces & Flails | 2 |  2.3
Translocations | 3 |  3.2
Spellcasting   | 3 |  3.1
Throwing       | |  1.0
Dodging        | |  2.6
Invocations    | |  0.7

Action                   |  1- 3 |  4- 6 || total
-------------------------+-------+-------++-------
Melee: Mace              |   194 |    42 ||   236
Armor: Robe              |    58 |     7 ||    65
Dodge: Dodged            |   178 |    20 ||   198

Table legend: (Time is in decaauts)
 A = Elapsed time spent in this place.
 B = Non-inter-level travel time spent in this place.
 C = Inter-level travel time spent in this place.
 D = Time resting spent in this place.
 E = Time spent auto-exploring this place.
 F = Levels seen in this place.
 G = Mean time per level.
                   A        B        C        D        E       F      G
               +--------+--------+--------+--------+--------+-----+--------+
         Total |   2870 |   2748 |    122 |    891 |   1144 |   3 |  956.7 |
       Dungeon |   2870 |   2748 |    122 |    891 |   1144 |   3 |  956.7 |
               +--------+--------+--------+--------+--------+-----+--------+

Top non-repeatable levels by time:
     D:1: 1024 daAuts
     D:2: 1022 daAuts
     D:3: 822 daAuts
